 Dungeon Crawl Stone Soup version 0.27.0-66-gdc8fb28755 (webtiles) character file.

Game seed: 2517415632326628999

772 ZARRMARR the Fighter (level 7, -2/64 HPs)
             Began as a Gnoll Wanderer on Aug 20, 2021.
             Was an Initiate of Okawaru.
             Slain by an orc warrior (7 damage)
             ... on level 6 of the Dungeon.
             The game lasted 00:21:11 (5294 turns).

ZARRMARR the Fighter (Gnoll Wanderer)               Turns: 5294, Time: 00:21:12

Health: -2/64      AC: 12    Str: 13    XL:     7   Next: 83%
Magic:  11/11      EV:  7    Int: 12    God:    Okawaru [......]
Gold:   199        SH:  4    Dex: 11    Spells: 11/11 levels left

rFire    . . .     SeeInvis .   a - +3 short sword
rCold    . . .     Faith    .   c - +0 buckler
rNeg     . . .     Spirit   .   h - +2 chain mail {Will+}
rPois    .         Reflect  .   (no helmet)
rElec    .         Harm     .   k - +0 cloak
rCorr    .         Rampage  .   (no gloves)
Will     +....                  (no boots)
Stlth    ..........             (no amulet)
HPRegen  0.20/turn              (no ring)
MPRegen  0.12/turn              (no ring)

@: no status effects
A: fangs 1, strong nose, distributed training
a: Renounce Religion


You were on level 6 of the Dungeon.
You worshipped Okawaru.
Okawaru was noncommittal.
You visited 1 branch of the dungeon, and saw 6 of its levels.

You collected 247 gold pieces.
You spent 48 gold pieces at shops.

Inventory:

Hand Weapons
 a - a +3 short sword (weapon)
Armour
 c - a +0 buckler (worn)
 h - a +2 chain mail of willpower (worn)
 k - a +0 cloak (worn)
Magical Staves
 j - a staff of conjuration
Wands
 b - a wand of flame (7)
 n - a wand of iceblast (7)
Scrolls
 d - a scroll of immolation
 e - a scroll of identify
 o - a scroll of vulnerability
Potions
 f - a potion of brilliance {unknown}
 g - 2 potions of flight
 i - a potion of curing
 r - a potion of ambrosia {unknown}


   Skills:
 + Level 9.0 Fighting
 + Level 3.8 Short Blades
 + Level 2.7 Long Blades
 + Level 2.7 Axes
 + Level 2.7 Maces & Flails
 + Level 2.7 Polearms
 + Level 2.7 Staves
 + Level 2.7 Slings
 + Level 2.7 Bows
 + Level 2.7 Crossbows
 + Level 2.7 Throwing
 + Level 2.7 Armour
 + Level 5.4 Dodging
 + Level 5.0 Stealth
 + Level 3.8 Shields
 + Level 2.7 Unarmed Combat
 + Level 2.7 Spellcasting
 + Level 2.2 Conjurations
 + Level 2.2 Hexes
 + Level 2.2 Summonings
 + Level 2.2 Necromancy
 + Level 2.2 Translocations
 + Level 2.2 Transmutations
 + Level 2.2 Fire Magic
 + Level 2.2 Ice Magic
 + Level 2.2 Air Magic
 + Level 2.2 Earth Magic
 + Level 2.2 Poison Magic
 + Level 3.0 Invocations
 + Level 2.7 Evocations


You had 11 spell levels left.
You didn't know any spells.
Your spell library contained the following spells:

 Spells                   Type           Power      Damage    Failure   Level
 Sandblast                Erth           14%        2d6       97%         1
 Stone Arrow              Conj/Erth      14%        3d7       100%        3
 Animate Armour           Summ/Erth      14%        N/A       100%        4
 Lee's Rapid Deconstruct  Erth           3%         3d6*      100%        5
 Lehudib's Crystal Spear  Conj/Erth      3%         10d3      100%        8
 Shatter                  Erth           3%         3d7*      100%        9


Dungeon Overview and Level Annotations

Branches:
Dungeon (6/15)
 Temple: D:4-7

Altars:
Fedhas
Hepliaklqana
Nemelex Xobeh
Okawaru
Vehumet
Wu Jian

Shops:
D:3 [   D:4 ?

Annotations:
D:5 Dowan, Duvessa


Innate Abilities, Weirdness & Mutations

You have very sharp teeth.
Your uncanny sense of smell can sniff out nearby items.
Your experience applies equally to all skills.


Message History

You block the orc warrior's attack.
You hit the orc warrior.
The orc warrior is almost dead.
The orc warrior hits you with a +0 long sword.
* * * LOW HITPOINT WARNING * * *
You hit the orc warrior but do no damage.
The orc warrior is almost dead.
The orc warrior hits you with a +0 long sword!
* * * LOW HITPOINT WARNING * * *
You hit the orc warrior but do no damage.
Your bite misses the orc warrior.
The orc warrior is almost dead.
The orc warrior closely misses you.
You barely miss the orc warrior. Your bite misses the orc warrior.
The orc warrior is almost dead.
You block the orc warrior's attack.
Found a stone staircase leading down.
A jelly, Duvessa and Dowan come into view.
The jelly quivers.
Dowan says, "Stay away from my face!"
Duvessa moves out of view.
Dowan says, "Stay away from my face!"
Dowan gestures at Duvessa while chanting.
Duvessa seems to speed up.
The jelly hits you but does no damage.
There is a stone staircase leading down here.
You can't go up here!
The orc warrior hits you with a +0 long sword!
* * * LOW HITPOINT WARNING * * *
You climb downwards.
Found a whip.
There is a stone staircase leading up here.
You closely miss the orc warrior.
The orc warrior is almost dead.
You closely miss the orc warrior.
The orc warrior is almost dead.
The orc warrior barely misses you.
You completely miss the orc warrior. Your bite misses the orc warrior.
The orc warrior is almost dead.
The orc warrior hits you with a +0 long sword!
You die...

≈P .....# ..
##.....# .#
#......#
.##...... #
......#
#.##..)..#
P.#.....o.#
.......@..#
...##....##
#......
..........
.......####..
♣≈≈♣....# .
≈≈P≈≈≈....
≈≈P≈≈≈≈...


You could see an orc warrior.

Vanquished Creatures
  Edmund (D:5)
  A centaur (D:5)
  A phantom (D:3)
  A wyvern skeleton (D:3)
  A hound (D:4)
  3 orc priests
  Ijyb (D:3)
  Terence (D:3)
  3 iguanas
  4 gnolls (D:4)
  5 adders
  A worm (D:2)
  4 dart slugs
  9 orcs
  5 endoplasms
  2 giant cockroaches
  11 goblins
  8 hobgoblins
  6 jackals
  9 kobolds
  4 quokkas
  10 ball pythons
  5 bats
  A frilled lizard (D:3)
  A jackal skeleton (D:4)
  2 rats
100 creatures vanquished.

Vanquished Creatures (others)
  An orc wizard (D:5)
  8 fungi (D:4)
  A plant (D:3)
  4 toadstools (D:2)
14 creatures vanquished.

Grand Total: 114 creatures vanquished

Notes
Turn   | Place    | Note
-------+----------+-------------------------------------------
     0 | D:1      | ZARRMARR the Gnoll Wanderer began the quest for the Orb.
     0 | D:1      | ZARRMARR set off with the following items: a +2 short
                  | sword, a potion of lignification, a +0 buckler, a +0 robe,
                  | a +0 dagger
     0 | D:1      | Reached XP level 1. HP: 26/26 MP: 1/1
   162 | D:1      | Found a faded altar of an unknown god.
   182 | D:1      | Reached XP level 2. HP: 24/33 MP: 2/2
   490 | D:1      | Reached XP level 3. HP: 35/38 MP: 3/3
   815 | D:1      | Reached skill level 1 in Invocations
  1479 | D:2      | Reached skill level 1 in Long Blades
  1479 | D:2      | Reached skill level 1 in Axes
  1479 | D:2      | Reached skill level 1 in Maces & Flails
  1479 | D:2      | Reached skill level 1 in Polearms
  1479 | D:2      | Reached skill level 1 in Staves
  1479 | D:2      | Reached skill level 1 in Slings
  1479 | D:2      | Reached skill level 1 in Bows
  1479 | D:2      | Reached skill level 1 in Crossbows
  1479 | D:2      | Reached skill level 1 in Throwing
  1479 | D:2      | Reached skill level 1 in Armour
  1479 | D:2      | Reached skill level 1 in Unarmed Combat
  1479 | D:2      | Reached skill level 1 in Spellcasting
  1479 | D:2      | Reached skill level 1 in Evocations
  1578 | D:2      | Reached XP level 4. HP: 45/45 MP: 5/5
  1822 | D:3      | Noticed Terence
  1861 | D:3      | Killed Terence
  1862 | D:3      | Reached skill level 1 in Conjurations
  1862 | D:3      | Reached skill level 1 in Hexes
  1862 | D:3      | Reached skill level 1 in Summonings
  1862 | D:3      | Reached skill level 1 in Necromancy
  1862 | D:3      | Reached skill level 1 in Translocations
  1862 | D:3      | Reached skill level 1 in Transmutations
  1862 | D:3      | Reached skill level 1 in Fire Magic
  1862 | D:3      | Reached skill level 1 in Ice Magic
  1862 | D:3      | Reached skill level 1 in Air Magic
  1862 | D:3      | Reached skill level 1 in Earth Magic
  1862 | D:3      | Reached skill level 1 in Poison Magic
  2346 | D:3      | Found a sparkling altar of Nemelex Xobeh.
  2409 | D:3      | Reached XP level 5. HP: 10/51 MP: 5/7
  2702 | D:3      | Reached XP level 6. HP: 17/57 MP: 8/8
  2850 | D:3      | Reached skill level 5 in Dodging
  3135 | D:3      | Noticed Ijyb
  3167 | D:3      | Killed Ijyb
  3886 | D:3      | Found Joyriaff's Antique Armour Boutique.
  4042 | D:4      | Found Istycoeh's Magic Scroll Emporium.
  4055 | D:4      | Bought a scroll of identify for 24 gold pieces
  4055 | D:4      | Bought a scroll of identify for 24 gold pieces
  4298 | D:4      | Got the Papyrus of Supportive Clay
  4455 | D:4      | Reached XP level 7. HP: 61/63 MP: 10/10
  4784 | D:4      | Found an ornate altar of the Wu Jian Council.
  4787 | D:4      | Found a blossoming altar of Fedhas.
  4790 | D:4      | Found a hazy altar of Hepliaklqana.
  4793 | D:4      | Found an iron altar of Okawaru.
  4797 | D:4      | Became a worshipper of Warmaster Okawaru
  4877 | D:5      | Entered Level 5 of the Dungeon
  4928 | D:5      | Noticed Edmund
  4958 | D:5      | Killed Edmund
  4966 | D:5      | Reached skill level 9 in Fighting
  4966 | D:5      | Reached skill level 5 in Stealth
  5139 | D:5      | Found a radiant altar of Vehumet.
  5286 | D:5      | Noticed Duvessa
  5286 | D:5      | Noticed Dowan
  5294 | D:6      | Slain by an orc warrior

Illustrated notes

Levels and vault maps discovered:
D:1:      tarquinn_simple_flora_water_f, layout_rooms,
          ebering_ecumenical_altar_mist, minmay_vboxes
D:2:      layout_loops_ring, minmay_gold_behind_fungi,
          chequers_serial_rivers_micro_d
D:3:      layout_loops_cross, old_standard_altar, serial_shops,
          nicolae_shop_temple_entry_statues_fountains, minmay_misc_feat_pillars,
          serial_bayou_lagoon_a, minmay_tree_intersection,
          mrwooster_statue_mirror, columned_hall_lemuel, uniq_terence, uniq_ijyb
D:4:      layout_rooms, grunt_temple_overflow_cloverleaf, serial_aquarium,
          aquarium_bridge_square [aquarium_subvault_wall,
          aquarium_subvault_wall, aquarium_subvault_bridge,
          aquarium_subvault_balcony], aquarium_window_corridor_3,
          aquarium_window_1, aquarium_view_2f, chequers_decorated_corner,
          nicolae_stop_n_shop_1
D:5:      cheibrodos_quashed, layout_loops_ring, amcnicky_altar_gilded,
          minmay_temple_entry_ruins, uniq_edmund, uniq_duvessa
D:6:      layout_cave_pools, serial_bayou, serial_bayou_lagoon_b,
          serial_bayou_pond_b, serial_bayou_crossing, serial_bayou_pond_c,
          hex_medium, minmay_alternating_orb

Skill      XL: |  1  2  3  4  5  6  7 |
---------------+----------------------+-----
Invocations    | 1 2 3 |  3.0
Long Blades    | 1 2 |  2.7
Axes           | 1 2 |  2.7
Maces & Flails | 1 2 |  2.7
Polearms       | 1 2 |  2.7
Staves         | 1 2 |  2.7
Slings         | 1 2 |  2.7
Bows           | 1 2 |  2.7
Crossbows      | 1 2 |  2.7
Throwing       | 1 2 |  2.7
Armour         | 1 2 |  2.7
Unarmed Combat | 1 2 |  2.7
Spellcasting   | 1 2 |  2.7
Evocations     | 1 2 |  2.7
Conjurations   | 1 2 |  2.2
Hexes          | 1 2 |  2.2
Summonings     | 1 2 |  2.2
Necromancy     | 1 2 |  2.2
Translocations | 1 2 |  2.2
Transmutations | 1 2 |  2.2
Fire Magic     | 1 2 |  2.2
Ice Magic      | 1 2 |  2.2
Air Magic      | 1 2 |  2.2
Earth Magic    | 1 2 |  2.2
Poison Magic   | 1 2 |  2.2
Short Blades   | 3 |  3.8
Shields        | 3 |  3.8
Dodging        | 5 |  5.4
Fighting       | 9 |  9.0
Stealth        | 5 |  5.0

Action                   |  1- 3 |  4- 6 |  7- 9 || total
-------------------------+-------+-------+-------++-------
Melee: Short sword       |    85 |   238 |    91 ||   414
       Bite              |     6 |    13 |    11 ||    30
Throw: Dart              |       |       |    15 ||    15
       Throwing net      |       |       |     1 ||     1
Evoke: Wand              |       |       |     2 ||     2
  Use: Scroll            |     3 |     4 |     2 ||     9
       Potion            |       |     2 |     3 ||     5
 Stab: Sleeping          |    10 |     4 |       ||    14
Armor: Robe              |    13 |       |       ||    13
       Chain mail        |       |    67 |    33 ||   100
       Skin              |       |    39 |       ||    39
Dodge: Dodged            |    64 |    56 |    22 ||   142
Block: Buckler           |    12 |    39 |    12 ||    63
